[Event "ICC tourney 2501 (45 10)"]
[Site "Internet Chess Club"]
[Date "2021.04.10"]
[Round "3"]
[White "LIVNE, OREN:orenlivne"]
[Black "UDOVENKO, DANIEL ALEXANDER:DanielA1926"]
[Result "0-1"]
[ICCResult "White resigns"]
[WhiteElo "2026"]
[BlackElo "1763"]
[Opening "King's Indian: fianchetto, classical variation, 8.e4"]
[ECO "E68"]
[NIC "KI.64"]
[Time "16:01:52"]
[PlyCount "112"]
[TimeControl "2700+10"]

1. Nf3 g6 2. d4 Bg7 3. c4 d6 4. g3 Nd7 5. Bg2 Ngf6 6. Nc3 O-O 7. O-O e5 8.
e4 exd4 9. Nxd4 a5 10. h3 Re8 11. Re1 Nb6 12. b3 a4 13. Be3 axb3 14. axb3
Rxa1 15. Qxa1 c5 16. Ndb5 Nxe4 17. Qc1 Nxc3 18. Nxc3 Qc7 19. Nb5 Qb8 20.
Rd1 Re6 21. b4 Bd7 22. bxc5 dxc5 23. Bxc5 Qc8 24. Bxb6 Rxb6 25. Nd6 Qc5 26.
Nxb7 Qc7 27. Na5 Ba4 28. Rd5 Rb2 29. Qe3 h5 30. h4 Bf8 31. Qd4 Bg7 32. Qe4
Qb6 33. Qf4 Ra2 34. Nb7 Qb1+ 35. Kh2 Qe1 36. Rd8+ Kh7 37. Qxf7 Rxf2 38.
Qg8+ Kh6 39. Rd6 Bc2 40. Nc5 Be4 41. Nxe4 Qxe4 42. Qd5 Rxg2+ 43. Kh3 Qxd5
44. Rxd5 Rc2 45. c5 Bf8 46. c6 Rxc6 47. Kg2 Rc2+ 48. Kf3 Bg7 49. Rb5 Rc3+
50. Kf4 Rc1 51. Kf3 Bf8 52. Rb6 Bc5 53. Rc6 Ba3 54. Ra6 Rc3+ 55. Kf4 Bc1+
56. Ke4 Rxg3 { White resigns } 0-1

[Event "ICC tourney 2501 (45 10)"]
[Site "Internet Chess Club"]
[Date "2021.04.10"]
[Round "3"]
[White "WU, WILLIAM:chessw23"]
[Black "LIU, PATRICK PEIJUN:JunlinTheWorld"]
[Result "1/2-1/2"]
[ICCResult "Game drawn by mutual agreement"]
[WhiteElo "1938"]
[BlackElo "1874"]
[Opening "French: advance, Paulsen attack"]
[ECO "C02"]
[NIC "FR.03"]
[Time "16:01:49"]
[PlyCount "148"]
[TimeControl "2700+10"]

1. e4 e6 2. d4 d5 3. e5 c5 4. c3 Nc6 5. Nf3 Qb6 6. a3 Bd7 7. Be2 Nge7 8.
dxc5 Qc7 9. b4 Nxe5 10. O-O N7g6 11. Nd4 Be7 12. f4 Nc6 13. Nb5 Qb8 14. f5
exf5 15. Qxd5 Be6 16. Qd1 O-O 17. Be3 a6 18. Nd4 Qe5 19. Bf2 Rad8 20. Nd2
Rd7 21. N2f3 Qf6 22. Qa4 Nf4 23. Rfe1 Qg6 24. Bg3 Nxe2+ 25. Rxe2 Bc4 26.
Ree1 Bf6 27. Nxc6 Bb5 28. Qc2 Bxc6 29. Ne5 Bxe5 30. Bxe5 Be4 31. Qf2 Rfd8
32. Bd4 Re8 33. a4 Qc6 34. Qg3 f6 35. Qf2 Rde7 36. Qb2 Bd3 37. Qd2 Bc4 38.
Rxe7 Rxe7 39. Bf2 Bd5 40. Bd4 f4 41. Qf2 f3 42. gxf3 Bxf3 43. Re1 Re4 44.
Qa2+ Kf8 45. Rxe4 Qxe4 46. Qf2 Qg6+ 47. Kf1 Qb1+ 48. Qe1 Qc2 49. Qf2 Qd1+
50. Qe1 Qxa4 51. Kf2 Bc6 52. Qd2 Qa1 53. Be3 Qh1 54. Qd8+ Kf7 55. Qc7+ Ke8
56. Qc8+ Ke7 57. Qc7+ Ke6 58. Qd6+ Kf5 59. Qf4+ Kg6 60. Qg3+ Kf5 61. Qf4+
Ke6 62. Qd6+ Kf7 63. Qc7+ Ke8 64. Qb8+ Kd7 65. Qd6+ Ke8 66. Qe6+ Kf8 67.
Qd6+ Ke8 68. Qe6+ Kd8 69. Qd6+ Kc8 70. Qf8+ Kc7 71. Bf4+ Kd7 72. Qf7+ Kd8
73. Qf8+ Kd7 74. Qf7+ Kd8 { Game drawn by mutual agreement } 1/2-1/2

[Event "ICC tourney 2501 (45 10)"]
[Site "Internet Chess Club"]
[Date "2021.04.10"]
[Round "4"]
[White "HEBDEN, MARK L:mhebden"]
[Black "GUSEINOV, GADIR:GGuseinov"]
[Result "1/2-1/2"]
[ICCResult "Game drawn by mutual agreement"]
[WhiteElo "2503"]
[BlackElo "2715"]
[Opening "King's Indian: fianchetto, lesser Simagin (Spassky) variation"]
[ECO "E62"]
[NIC "KI.72"]
[Time "18:31:49"]
[PlyCount "31"]
[TimeControl "2700+10"]

1. d4 Nf6 2. Nf3 g6 3. g3 Bg7 4. Bg2 O-O 5. O-O d6 6. c4 Nc6 7. Nc3 Bf5 8.
d5 Na5 9. Nd2 c6 10. b4 Nxc4 11. Nxc4 Nxd5 12. Nxd5 Bxa1 13. Bh6 Bg7 14.
Bxg7 Kxg7 15. Nde3 Bc8 16. a4 { Game drawn by mutual agreement } 1/2-1/2

[Event "ICC tourney 2501 (45 10)"]
[Site "Internet Chess Club"]
[Date "2021.04.10"]
[Round "4"]
[White "POWER, SEAN K:KnightHopper"]
[Black "SANE, ADWAY:adwaysane"]
[Result "1-0"]
[ICCResult "Black resigns"]
[WhiteElo "2009"]
[BlackElo "1728"]
[Opening "Two knights defense"]
[ECO "C56"]
[NIC "KP.02"]
[Time "18:31:41"]
[PlyCount "35"]
[TimeControl "2700+10"]

1. e4 e5 2. Nf3 Nc6 3. d4 exd4 4. Bc4 Nf6 5. O-O Nxe4 6. Re1 d5 7. Bxd5
Qxd5 8. Nc3 Qh5 9. Nxe4 Be6 10. Neg5 Bd6 11. Nxe6 fxe6 12. Rxe6+ Kd7 13.
Ne5+ Qxe5 14. Rxe5 Bxe5 15. c3 Rae8 16. Be3 Kc8 17. cxd4 Rd8 18. Qg4+ {
Black resigns } 1-0

[Event "ICC tourney 2501 (45 10)"]
[Site "Internet Chess Club"]
[Date "2021.04.10"]
[Round "4"]
[White "SHANKAR, ADEETHYIA:adchess"]
[Black "HU, MERRIC:edmehu"]
[Result "1-0"]
[ICCResult "Black resigns"]
[WhiteElo "2039"]
[BlackElo "2197"]
[Opening "King's Indian, 3.Nf3"]
[ECO "E90"]
[NIC "KI.20"]
[Time "18:31:54"]
[PlyCount "44"]
[TimeControl "2700+10"]

1. d4 Nf6 2. Nf3 g6 3. c4 Bg7 4. Nc3 O-O 5. e4 d6 6. h3 c5 7. d5 e6 8. Bd3
exd5 9. cxd5 Re8 10. O-O Nbd7 11. Qc2 a6 12. Bf4 Ne5 13. Nxe5 dxe5 14. Be3
Qd6 15. Na4 b6 16. b4 cxb4 17. Nxb6 Rb8 18. Nc4 Qc7 19. Rac1 Nd7 20. Qa4
Bb7 21. Nb6 Nxb6 22. Qxe8+ Rxe8 { Black resigns } 1-0

[Event "ICC tourney 2501 (45 10)"]
[Site "Internet Chess Club"]
[Date "2021.04.10"]
[Round "4"]
[White "KUNKA, HARSHID:ChessKidA8"]
[Black "JIANG, LEYOU:karuto2006"]
[Result "1-0"]
[ICCResult "Black resigns"]
[WhiteElo "2232"]
[BlackElo "1891"]
[Opening "Ruy Lopez: Anderssen variation"]
[ECO "C77"]
[NIC "RL.12"]
[Time "18:31:39"]
[PlyCount "89"]
[TimeControl "2700+10"]

1. e4 e5 2. Nf3 Nc6 3. Bb5 a6 4. Ba4 Nf6 5. d3 b5 6. Bb3 Bc5 7. O-O d6 8.
Nc3 h6 9. a4 b4 10. Nd5 O-O 11. Be3 Ba7 12. c3 bxc3 13. bxc3 Bg4 14. h3 Bh5
15. Nxf6+ gxf6 16. Bd5 Qd7 17. g4 Kh7 18. Bxc6 Qxc6 19. gxh5 Rg8+ 20. Kh2
f5 21. Bxa7 Rxa7 22. Qe2 f4 23. Rg1 Raa8 24. c4 Rab8 25. a5 Qc5 26. Nh4 Rg5
27. Rxg5 hxg5 28. Nf5 f6 29. Rg1 Qxa5 30. h6 Qa4 31. h4 Rg8 32. Qh5 Qe8 33.
Qxe8 Rxe8 34. hxg5 fxg5 35. Rxg5 Rg8 36. Rxg8 Kxg8 37. Ne7+ Kh7 38. Nd5 a5
39. Nxc7 a4 40. Nb5 Kxh6 41. Kg2 Kg5 42. Kf3 Kh4 43. d4 exd4 44. Kxf4 d3
45. Ke3 { Black resigns } 1-0

[Event "ICC tourney 2501 (45 10)"]
[Site "Internet Chess Club"]
[Date "2021.04.10"]
[Round "4"]
[White "Vittal, Sanjana:MCTS13"]
[Black "SRINIVASAN, HEMANT:Blixiron"]
[Result "0-1"]
[ICCResult "White resigns"]
[WhiteElo "2206"]
[BlackElo "2073"]
[Opening "Caro-Kann: two knights, 3...Bg4"]
[ECO "B11"]
[NIC "CK.01"]
[Time "18:31:54"]
[PlyCount "52"]
[TimeControl "2700+10"]

1. e4 c6 2. Nc3 d5 3. Nf3 Bg4 4. h3 Bxf3 5. Qxf3 e6 6. Be2 Bc5 7. O-O Nd7
8. Rd1 d4 9. Nb1 Ngf6 10. d3 O-O 11. Qg3 Kh8 12. f4 Nxe4 13. dxe4 d3+ 14.
Be3 dxc2 15. Rd3 c1=Q+ 16. Kh2 Bxe3 17. Rxe3 Qxb2 18. Nc3 Qxa1 19. e5 Nb6
20. Qg4 Qd4 21. Qf3 Nd5 22. Nxd5 cxd5 23. Bd3 Qc1 24. Qh5 g6 25. Qg5 Qdxe3
26. Qf6+ Kg8 { White resigns } 0-1

[Event "ICC tourney 2501 (45 10)"]
[Site "Internet Chess Club"]
[Date "2021.04.10"]
[Round "4"]
[White "YAN, NATHAN:Natey"]
[Black "Minero Pineda, Sergio:SuperBueno"]
[Result "0-1"]
[ICCResult "White checkmated"]
[WhiteElo "1889"]
[BlackElo "2490"]
[Opening "French: Tarrasch, closed variation"]
[ECO "C05"]
[NIC "FR.16"]
[Time "18:31:37"]
[PlyCount "108"]
[TimeControl "2700+10"]

1. e4 e6 2. d4 d5 3. Nd2 Nf6 4. e5 Nfd7 5. Bd3 c5 6. Ne2 c4 7. Nxc4 dxc4 8.
Bxc4 Be7 9. O-O O-O 10. c3 Nc6 11. f4 a6 12. Ng3 b5 13. Bd3 Bb7 14. f5 exf5
15. Nxf5 g6 16. Qg4 Ndxe5 17. Nxe7+ Nxe7 18. dxe5 Qxd3 19. Bh6 Rfe8 20. Qg5
Nf5 21. Rad1 Qe4 22. Rf3 Nxh6 23. Qxh6 Rxe5 24. Rdf1 Rae8 25. Qh3 R5e7 26.
Qg3 Qe6 27. Rf6 Qxa2 28. R6f2 Qd5 29. Qg4 Re1 30. h3 h5 31. Qg3 Rxf1+ 32.
Rxf1 Re2 33. Rf2 Rxf2 34. Qxf2 Qxg2+ 35. Qxg2 Bxg2 36. Kxg2 g5 37. b3 f5
38. c4 bxc4 39. bxc4 Kf7 40. Kf3 Ke6 41. Ke3 Kd6 42. Kd4 g4 43. hxg4 fxg4
44. c5+ Kc6 45. Ke4 Kxc5 46. Kf4 a5 47. Kg3 a4 48. Kh4 a3 49. Kg3 a2 50.
Kh2 a1=Q 51. Kg2 h4 52. Kh2 Qb2+ 53. Kg1 g3 54. Kf1 Qf2# { White checkmated
} 0-1

[Event "ICC tourney 2501 (45 10)"]
[Site "Internet Chess Club"]
[Date "2021.04.10"]
[Round "4"]
[White "GAO, MARVIN:kaiclc"]
[Black "SHEEHAN, ETHAN THOMAS:Chessking2008"]
[Result "1-0"]
[ICCResult "Black resigns"]
[WhiteElo "2023"]
[BlackElo "2220"]
[Opening "Sicilian: Hungarian variation"]
[ECO "B27"]
[NIC "SI.43"]
[Time "18:31:41"]
[PlyCount "63"]
[TimeControl "2700+10"]

1. e4 c5 2. Nf3 g6 3. d4 cxd4 4. Qxd4 Nf6 5. e5 Nc6 6. Qa4 Nd5 7. c4 Nb6 8.
Qd1 d6 9. exd6 exd6 10. Bg5 Be7 11. Bxe7 Qxe7+ 12. Be2 Nxc4 13. O-O N4e5
14. Nc3 Be6 15. Nd4 Nxd4 16. Qxd4 O-O 17. Rad1 Rfd8 18. Ne4 f5 19. Nc3 a6
20. Rfe1 Qf7 21. Qb6 Nc6 22. Bf3 Rac8 23. Rxe6 d5 24. Rde1 d4 25. Nd5 d3
26. Qe3 f4 27. Qxd3 Nb4 28. Qd2 Nc2 29. Re7 Qf8 30. Rc1 Nb4 31. Rxc8 Rxc8
32. h3 { Black resigns } 1-0

[Event "ICC tourney 2501 (45 10)"]
[Site "Internet Chess Club"]
[Date "2021.04.10"]
[Round "4"]
[White "EHSANI, YASSAMIN:Blue-Elephant1"]
[Black "Reiss, Aiden:Aidenrchess"]
[Result "1/2-1/2"]
[ICCResult "Game drawn by mutual agreement"]
[WhiteElo "2120"]
[BlackElo "1853"]
[Opening "Nimzo-Indian: Kmoch variation"]
[ECO "E20"]
[NIC "NI.30"]
[Time "18:31:37"]
[PlyCount "44"]
[TimeControl "2700+10"]

1. d4 Nf6 2. c4 e6 3. Nc3 Bb4 4. f3 d5 5. a3 Bxc3+ 6. bxc3 O-O 7. cxd5 exd5
8. e3 Bf5 9. Bd3 Bxd3 10. Qxd3 Nbd7 11. Nh3 c5 12. O-O Rc8 13. Nf2 Nb6 14.
e4 cxd4 15. cxd4 Qc7 16. Bg5 Nfd7 17. Rfc1 Qd6 18. Rab1 Rxc1+ 19. Rxc1 Nc4
20. Nd1 h6 21. Be3 Ndb6 22. exd5 Qxd5 { Game drawn by mutual agreement }
1/2-1/2

[Event "ICC tourney 2501 (45 10)"]
[Site "Internet Chess Club"]
[Date "2021.04.10"]
[Round "4"]
[White "UDOVENKO, DANIEL ALEXANDER:DanielA1926"]
[Black "JIANG, BRANDON:BranKing"]
[Result "0-1"]
[ICCResult "White checkmated"]
[WhiteElo "1763"]
[BlackElo "2044"]
[Opening "King's Indian: Larsen variation"]
[ECO "E90"]
[NIC "KI.21"]
[Time "18:32:29"]
[PlyCount "62"]
[TimeControl "2700+10"]

1. d4 Nf6 2. Nf3 g6 3. c4 Bg7 4. Nc3 O-O 5. e4 d6 6. Be3 e5 7. d5 a5 8. Be2
Ne8 9. O-O f5 10. Nd2 f4 11. c5 fxe3 12. fxe3 Rxf1+ 13. Qxf1 dxc5 14. a4 b6
15. Bc4 Nd6 16. Ba2 Ba6 17. Qf2 Nd7 18. Rc1 Qe7 19. b3 Rf8 20. Qe1 Bh6 21.
Nc4 Bxc4 22. bxc4 Qg5 23. Nd1 Nxe4 24. Bb1 Nd6 25. h3 e4 26. Rc3 Ne5 27.
Qe2 Qg3 28. Kh1 Bg7 29. Rc1 Nexc4 30. Rxc4 Be5 31. Nf2 Qh2# { White
checkmated } 0-1

[Event "ICC tourney 2501 (45 10)"]
[Site "Internet Chess Club"]
[Date "2021.04.10"]
[Round "4"]
[White "DENG, HENRY:SuperPuzzler"]
[Black "LIN, LEO FANYUE:Leolix"]
[Result "1-0"]
[ICCResult "Black resigns"]
[WhiteElo "2072"]
[BlackElo "2027"]
[Opening "Sicilian: Najdorf, Opocensky variation"]
[ECO "B92"]
[NIC "SI.11"]
[Time "18:31:41"]
[PlyCount "67"]
[TimeControl "2700+10"]

1. e4 c5 2. Nf3 d6 3. d4 cxd4 4. Nxd4 Nf6 5. Nc3 a6 6. Be2 e5 7. Nb3 Be7 8.
O-O O-O 9. Kh1 Be6 10. f4 exf4 11. Bxf4 Nc6 12. Qe1 Ne5 13. Nd4 Qd7 14. Rd1
Ng6 15. Be3 Rac8 16. a4 Bg4 17. Qg3 Bxe2 18. Ndxe2 Qe6 19. Nd4 Nxe4 20. Qf3
Qe5 21. Qxe4 Rxc3 22. Qxe5 dxe5 23. bxc3 exd4 24. Bxd4 Rc8 25. g3 Bf6 26.
Bxf6 gxf6 27. Rxf6 Rxc3 28. Rf2 Ne5 29. Re2 Ng4 30. Rd4 h5 31. h3 Nf6 32.
Kg2 Kg7 33. Rf2 Kg6 34. Rd6 { Black resigns } 1-0

[Event "ICC tourney 2501 (45 10)"]
[Site "Internet Chess Club"]
[Date "2021.04.10"]
[Round "4"]
[White "SHARMA, VISHRUTH:VishyNo1"]
[Black "OPASKA, MICHAEL:mopaska1106"]
[Result "1-0"]
[ICCResult "Black resigns"]
[WhiteElo "2081"]
[BlackElo "1908"]
[Opening "Sicilian defense"]
[ECO "B33"]
[NIC "SI.34"]
[Time "18:31:37"]
[PlyCount "41"]
[TimeControl "2700+10"]

1. e4 c5 2. Nf3 Nc6 3. d4 cxd4 4. Nxd4 Nf6 5. Nc3 e6 6. a3 Qb6 7. Nb3 Be7
8. Be3 Qd8 9. f4 d5 10. e5 Nd7 11. Qg4 O-O 12. Bd3 f5 13. Qh3 a5 14. O-O-O
a4 15. Nd4 Nxd4 16. Bxd4 Nc5 17. Be2 Bd7 18. g4 Bc6 19. Rhg1 b5 20. gxf5
exf5 21. Qh6 { Black resigns } 1-0

[Event "ICC tourney 2501 (45 10)"]
[Site "Internet Chess Club"]
[Date "2021.04.10"]
[Round "4"]
[White "POTHURI, ABHIRAM:chessasp"]
[Black "BROWN, WAYNE B:Plato"]
[Result "1/2-1/2"]
[ICCResult "Game drawn by repetition"]
[WhiteElo "1980"]
[BlackElo "2024"]
[Opening "Sicilian: Kan, Swiss cheese variation"]
[ECO "B42"]
[NIC "SI.42"]
[Time "18:31:55"]
[PlyCount "104"]
[TimeControl "2700+10"]

1. e4 c5 2. Nf3 e6 3. d4 cxd4 4. Nxd4 a6 5. Bd3 g6 6. O-O Bg7 7. Nb3 Ne7 8.
Nc3 d5 9. exd5 Nxd5 10. Nxd5 Qxd5 11. Qe2 Nc6 12. Rd1 Qe5 13. Qf3 Qc7 14.
c3 O-O 15. Bg5 f6 16. Bh4 Ne5 17. Qe2 Nf7 18. Bc2 Bd7 19. Rd2 Rfe8 20. Rad1
Bb5 21. Bd3 Ba4 22. Bc2 e5 23. h3 b6 24. Bg3 a5 25. Na1 Bc6 26. Be4 Rad8
27. Nb3 Qb7 28. Qc4 Rxd2 29. Nxd2 Rc8 30. Qe6 f5 31. Bxc6 Qxc6 32. Qxc6
Rxc6 33. Nb1 Rd6 34. Rxd6 Nxd6 35. b3 Ne4 36. Kf1 Nxg3+ 37. fxg3 Kf7 38.
Ke2 Ke6 39. Na3 e4 40. c4 Be5 41. g4 Kf6 42. Nc2 Kg5 43. gxf5 gxf5 44. Ne3
f4 45. Nd5 Bd4 46. a3 Kf5 47. b4 axb4 48. axb4 Ke5 49. Ne7 Ke6 50. Nd5 Ke5
51. Ne7 Ke6 52. Nd5 Ke5 { Game drawn by repetition } 1/2-1/2

[Event "ICC tourney 2501 (45 10)"]
[Site "Internet Chess Club"]
[Date "2021.04.10"]
[Round "4"]
[White "QIN, VINCENT:VQinchess"]
[Black "MARKOVIC, GORAN:Goran21"]
[Result "0-1"]
[ICCResult "White resigns"]
[WhiteElo "1855"]
[BlackElo "1989"]
[Opening "Sicilian: Najdorf"]
[ECO "B90"]
[NIC "SI.14"]
[Time "18:31:55"]
[PlyCount "144"]
[TimeControl "2700+10"]

1. e4 c5 2. Nf3 d6 3. d4 cxd4 4. Nxd4 Nf6 5. Nc3 a6 6. Nb3 Nc6 7. Be2 g6 8.
O-O Bg7 9. Be3 O-O 10. f4 b5 11. a3 Bb7 12. Qd2 Rc8 13. Rad1 Re8 14. h3 Na5
15. Nxa5 Qxa5 16. e5 dxe5 17. fxe5 b4 18. axb4 Qxe5 19. Bf3 Bxf3 20. Rxf3
Ne4 21. Nxe4 Qxe4 22. Bc5 a5 23. c3 axb4 24. cxb4 e6 25. Rd3 Bf8 26. Bxf8
Rxf8 27. b5 Rb8 28. Rb3 Rfc8 29. b6 Rc2 30. Qg5 Qe2 31. Rd8+ Rxd8 32. Qxd8+
Kg7 33. Qg5 Qe1+ 34. Kh2 Rc1 35. Qe3 Qh1+ 36. Kg3 Rc2 37. Qe5+ f6 38. Qe4
Qd1 39. b7 Qd6+ 40. Qf4 e5 41. Qb4 Qd5 42. Rf3 e4 43. Qe7+ Kh6 44. Rf4 Rxb2
45. Qf8+ Kh5 46. b8=Q Qg5+ 47. Rg4 Qe3+ 48. Kh2 Rxb8 49. Qxb8 f5 50. Qf4
Qxf4+ 51. Rxf4 Kg5 52. g3 Kf6 53. Kg2 Ke5 54. Kf2 g5 55. Rf3 exf3 56. Kxf3
h5 57. Ke3 f4+ 58. gxf4+ gxf4+ 59. Kf3 h4 60. Kf2 Ke4 61. Ke2 f3+ 62. Kf2
Kf4 63. Kf1 Kg3 64. Kg1 Kxh3 65. Kf2 Kg4 66. Kf1 Kg3 67. Kg1 h3 68. Kh1 Kf4
69. Kg1 Ke3 70. Kh2 f2 71. Kxh3 f1=Q+ 72. Kh2 Qf7 { White resigns } 0-1

[Event "ICC tourney 2501 (45 10)"]
[Site "Internet Chess Club"]
[Date "2021.04.10"]
[Round "4"]
[White "CHENG, CLAIRE:Clairehouses"]
[Black "REMPE, JONAS JAKOB RAZA:Drachekokosnuss"]
[Result "0-1"]
[ICCResult "White checkmated"]
[WhiteElo "1766"]
[BlackElo "2100"]
[Opening "King's Indian: Kazakh variation"]
[ECO "E91"]
[NIC "KI.19"]
[Time "18:31:55"]
[PlyCount "82"]
[TimeControl "2700+10"]

1. d4 Nf6 2. c4 g6 3. Nc3 Bg7 4. e4 d6 5. Nf3 O-O 6. Be2 Na6 7. O-O e5 8.
d5 Nc5 9. Qc2 a5 10. Bg5 h6 11. Be3 b6 12. Ne1 Ne8 13. f3 f5 14. Nd3 f4 15.
Bf2 Nf6 16. b3 g5 17. a3 h5 18. b4 Nxd3 19. Bxd3 g4 20. Rfc1 gxf3 21. gxf3
Kh8 22. Kh1 Rg8 23. c5 Bh3 24. Nb5 axb4 25. axb4 Bf8 26. Bf1 Bxf1 27. Rxf1
Qd7 28. Qe2 Qh3 29. Bd4 Rc8 30. Bb2 Be7 31. cxd6 Bxd6 32. Rac1 Rcf8 33.
Nxc7 Nxe4 34. fxe4 f3 35. Rxf3 Rxf3 36. Nb5 Rgf8 37. Rg1 Rf2 38. Qxf2 Rxf2
39. Bxe5+ Bxe5 40. Rg8+ Kxg8 41. d6 Qf1# { White checkmated } 0-1

[Event "ICC tourney 2501 (45 10)"]
[Site "Internet Chess Club"]
[Date "2021.04.10"]
[Round "4"]
[White "KIRYUKHIN, ARTEM:Feugon"]
[Black "ZENG, ELBERT:investigator"]
[Result "1/2-1/2"]
[ICCResult "Game drawn by mutual agreement"]
[WhiteElo "1988"]
[BlackElo "2123"]
[Opening "Bird's opening"]
[ECO "A02"]
[NIC "VO.07"]
[Time "18:31:40"]
[PlyCount "63"]
[TimeControl "2700+10"]

1. f4 g6 2. Nf3 Bg7 3. g3 Nf6 4. Bg2 O-O 5. O-O d6 6. d3 c5 7. c3 Nc6 8.
Kh1 e5 9. e4 a6 10. a4 Rb8 11. Na3 b5 12. axb5 axb5 13. Nc2 Be6 14. Qe2
exf4 15. gxf4 Re8 16. Be3 c4 17. Nfd4 Nxd4 18. Nxd4 cxd3 19. Qd2 Qc8 20. f5
Bd7 21. Qxd3 Nxe4 22. Bxe4 Bxd4 23. cxd4 Qc4 24. Qxc4 bxc4 25. Ra7 Rxe4 26.
Rxd7 Rxe3 27. fxg6 fxg6 28. Ra1 Re2 29. Raa7 c3 30. Rg7+ Kf8 31. Rxh7 Kg8
32. Rhg7+ { Game drawn by mutual agreement } 1/2-1/2

[Event "ICC tourney 2501 (45 10)"]
[Site "Internet Chess Club"]
[Date "2021.04.10"]
[Round "4"]
[White "Wang, Eigen:eigenator"]
[Black "QUIRKE, JEFFREY L:PawnEatingZombi"]
[Result "1-0"]
[ICCResult "Black resigns"]
[WhiteElo "2357"]
[BlackElo "2201"]
[Opening "Caro-Kann: Tartakower (fantasy) variation"]
[ECO "B12"]
[NIC "CK.02"]
[Time "18:31:43"]
[PlyCount "59"]
[TimeControl "2700+10"]

1. e4 c6 2. d4 d5 3. f3 Qb6 4. Nc3 dxe4 5. fxe4 e5 6. Nf3 exd4 7. Qxd4 Qxd4
8. Nxd4 Nf6 9. Bd2 Bc5 10. Nb3 Be7 11. O-O-O Nbd7 12. Bf4 Ng4 13. Re1 Nge5
14. Nd4 O-O 15. Nf5 Bf6 16. Be2 Nc5 17. g4 Ne6 18. Bg3 Ng6 19. h4 Be5 20.
Ne7+ Nxe7 21. Bxe5 Ng6 22. Bg3 f6 23. Rd1 Ne5 24. g5 Nc7 25. gxf6 gxf6 26.
Rhg1 Kh8 27. Rdf1 Be6 28. Rxf6 Rxf6 29. Bxe5 Ne8 30. Bh5 { Black resigns }
1-0

[Event "ICC tourney 2501 (45 10)"]
[Site "Internet Chess Club"]
[Date "2021.04.10"]
[Round "4"]
[White "YERRAJENNU, SISIRA S:ybabji"]
[Black "AIGNER, MICHAEL:f5"]
[Result "1/2-1/2"]
[ICCResult "Game drawn by mutual agreement"]
[WhiteElo "1931"]
[BlackElo "2203"]
[Opening "Sicilian: Alapin's variation (2.c3)"]
[ECO "B22"]
[NIC "SI.46"]
[Time "18:31:39"]
[PlyCount "130"]
[TimeControl "2700+10"]

1. e4 c5 2. c3 Nf6 3. e5 Nd5 4. Nf3 Nc6 5. d4 cxd4 6. cxd4 d6 7. exd6 Qxd6
8. Nc3 Bf5 9. Bd3 Bxd3 10. Qxd3 e6 11. O-O Be7 12. Be3 O-O 13. a3 Rfd8 14.
Rac1 Nf6 15. b4 Rac8 16. Rfe1 Qb8 17. Ne4 Nxe4 18. Qxe4 Rd5 19. Ne5 Nxe5
20. dxe5 Rxc1 21. Rxc1 b6 22. f4 g6 23. Qc4 Qd8 24. Qc8 Rd1+ 25. Kf2 Rxc1
26. Qxd8+ Bxd8 27. Bxc1 a6 28. Be3 Kf8 29. Bd4 b5 30. Bc5+ Ke8 31. Ke3 g5
32. Ke4 gxf4 33. Kxf4 f5 34. h3 Kf7 35. Be3 Kg6 36. g3 Bc7 37. Bc5 Bd8 38.
Be3 Be7 39. Kf3 Kf7 40. Kf4 h6 41. Kf3 Kg6 42. Bf4 Bd8 43. Be3 a5 44. bxa5
Bxa5 45. Bc5 Bc3 46. Bd6 Bb2 47. Kf4 h5 48. Bc5 Bc1+ 49. Kf3 Kf7 50. g4
fxg4+ 51. hxg4 h4 52. Bb4 Kg6 53. Be7 Bg5 54. Bb4 Bc1 55. Bc5 Bb2 56. Bd6
Bc3 57. Kf2 Bd4+ 58. Kf3 Bb2 59. Kf2 Bd4+ 60. Kf3 Bc3 61. Kf2 Kg5 62. Kf3
h3 63. Kg3 h2 64. Be7+ Kg6 65. Kxh2 Bxe5+ { Game drawn by mutual agreement
} 1/2-1/2

[Event "ICC tourney 2501 (45 10)"]
[Site "Internet Chess Club"]
[Date "2021.04.10"]
[Round "4"]
[White "Clasby, Derek:wolverine54"]
[Black "CHEN, RYO WENYU:e4f5"]
[Result "1/2-1/2"]
[ICCResult "Game drawn by mutual agreement"]
[WhiteElo "2312"]
[BlackElo "2301"]
[Opening "Sicilian"]
[ECO "B56"]
[NIC "SI.25"]
[Time "18:31:49"]
[PlyCount "83"]
[TimeControl "2700+10"]

1. e4 c5 2. Nf3 d6 3. d4 cxd4 4. Nxd4 Nf6 5. Nc3 Nc6 6. f3 e5 7. Nb3 Be6 8.
Be3 d5 9. exd5 Nxd5 10. Nxd5 Qxd5 11. Qxd5 Bxd5 12. O-O-O O-O-O 13. Bd3 Be7
14. c4 Be6 15. a3 Rd7 16. Be2 Rhd8 17. Rxd7 Rxd7 18. Rd1 b6 19. Rxd7 Kxd7
20. Kc2 f5 21. Bd3 Bf6 22. c5 Nd4+ 23. Bxd4 exd4 24. cxb6 axb6 25. Nd2 h5
26. Bc4 Bxc4 27. Nxc4 b5 28. Nd2 d3+ 29. Kc1 Kd6 30. b3 Kc5 31. a4 bxa4 32.
bxa4 Kb4 33. Kd1 Kxa4 34. Nc4 Kb3 35. Nd6 g6 36. Kd2 Be5 37. Nf7 Bxh2 38.
Kxd3 h4 39. Ke3 Kc4 40. f4 Bg1+ 41. Kf3 Bd4 42. Ng5 { Game drawn by mutual
agreement } 1/2-1/2

[Event "ICC tourney 2501 (45 10)"]
[Site "Internet Chess Club"]
[Date "2021.04.10"]
[Round "4"]
[White "WANG, ALEXANDER J:ickyquarter"]
[Black "LIANG, ETHAN Y:ELCCEthan488"]
[Result "1/2-1/2"]
[ICCResult "Game drawn by repetition"]
[WhiteElo "2077"]
[BlackElo "1811"]
[Opening "Sicilian: Pelikan, Chelyabinsk variation"]
[ECO "B33"]
[NIC "SI.37"]
[Time "18:31:40"]
[PlyCount "145"]
[TimeControl "2700+10"]

1. e4 c5 2. Nf3 Nc6 3. d4 cxd4 4. Nxd4 Nf6 5. Nc3 e5 6. Ndb5 d6 7. Bg5 a6
8. Na3 b5 9. Nd5 Be7 10. Bxf6 Bxf6 11. c3 O-O 12. g3 Bg5 13. Bg2 Ne7 14.
O-O Be6 15. Nc2 Nxd5 16. exd5 Bf5 17. Ne3 Bg6 18. Kh1 f5 19. f4 Bh6 20. Qf3
e4 21. Qd1 Qb6 22. Qd2 Be8 23. Rfe1 g6 24. Rad1 Bg7 25. Nc2 Bf7 26. a3 a5
27. h3 Rfc8 28. Kh2 Rc5 29. Ne3 b4 30. axb4 axb4 31. cxb4 Rb5 32. Ra1 Rb8
33. Rec1 Rxb4 34. Nc4 Qd4 35. Qxd4 Bxd4 36. Rab1 Bxd5 37. Nxd6 Rxb2 38.
Rxb2 Rxb2 39. Kh1 Be3 40. Rc8+ Kg7 41. h4 Bf2 42. Rc7+ Kh6 43. g4 fxg4 44.
Bxe4 Bxe4+ 45. Nxe4 Bxh4 46. Ng5 Bxg5 47. fxg5+ Kxg5 48. Rxh7 g3 49. Ra7
Kg4 50. Kg1 g5 51. Ra8 Rf2 52. Ra7 Rf4 53. Kg2 Rb4 54. Ra8 Rb2+ 55. Kg1 g2
56. Ra3 Kh4 57. Rc3 g4 58. Ra3 Re2 59. Rb3 Kg5 60. Ra3 Kf4 61. Rb3 Ra2 62.
Rc3 g3 63. Rc8 Rf2 64. Rf8+ Ke3 65. Re8+ Kf3 66. Rf8+ Ke2 67. Re8+ Kf3 68.
Rf8+ Ke2 69. Re8+ Kf3 70. Rf8+ Ke2 71. Re8+ Kf3 72. Rf8+ Ke2 73. Re8+ {
Game drawn by repetition } 1/2-1/2